 Dungeon Crawl Stone Soup version 0.17-a0-1115-g0372368 (webtiles) character file.

2482 HeyJoe the Cleaver (level 9, 0/74 HPs)
             Began as a Deep Dwarf Berserker on May 22, 2015.
             Was a Believer of Trog.
             Slain by an orc warrior
             ... wielding a +0 war axe
              (4 damage)
             ... in a bailey.
             The game lasted 00:24:19 (4934 turns).

HeyJoe the Cleaver (Deep Dwarf Berserker)           Turns: 4934, Time: 00:24:19

Health: 0/74       AC: 16    Str: 28    XL:     9   Next: 27%
Magic:  9/9        EV:  8    Int:  9    God:    Trog [**....]
Gold:   276        SH:  5    Dex: 12    Spells: 0 memorised, 8 levels left

rFire  . . .     SeeInvis .     h - +1 hand axe (chop)
rCold  + . .     Clarity  .     G - +2 plate armour {rC+}
rNeg   + . .     SustAt   .     l - +0 buckler
rPois  +         Gourm    .     (no helmet)
rElec  .         Spirit   .     e - +0 cloak
rCorr  .         Warding  +     (no gloves)
rMut   .         Stasis   .     (no boots)
MR     ++...                    w - amulet of warding
Stlth  ..........               (no ring)
                                m - ring of protection from magic

@: mighty, exhausted, non-regenerating, slowed, very slow, very resistant to
hostile enchantments, extremely unstealthy
A: damage resistance, recharge devices, slimy green scales 1, breathe flames 1,
sense surroundings 2, poison resistance, slow healing 3
a: Device Recharging, Burn Spellbooks, Berserk, Trog's Hand, Renounce Religion,
Breathe Fire


You were in a bailey.
You worshipped Trog.
Trog was pleased with you.
You were very hungry.

You visited 2 branches of the dungeon, and saw 8 of its levels.
You also visited: Bailey.

You collected 289 gold pieces.
You spent 13 gold pieces at shops.

Inventory:

Hand weapons
 h - a +1 hand axe of chopping (weapon)
Armour
 e - a +0 cloak (worn)
 l - a +0 buckler (worn)
 F - a +0 ring mail
 G - a +2 plate armour of cold resistance (worn)
Jewellery
 m - a ring of protection from magic (left hand)
 u - an uncursed ring of teleportation
 w - an amulet of warding (around neck)
 x - an uncursed ring of poison resistance
Magical devices
 b - a wand of teleportation (6)
 c - a wand of heal wounds (0)
Scrolls
 a - 2 scrolls of enchant armour {unknown}
 g - 7 scrolls of remove curse
 j - 2 scrolls of recharging {unknown}
 k - 2 scrolls of magic mapping {unknown}
 q - 4 scrolls of fog {unknown}
 s - a scroll of blinking {unknown}
 y - 4 scrolls of enchant weapon {unknown}
 B - 2 scrolls of teleportation {unknown}
 C - a scroll of amnesia {unknown}
 D - 2 scrolls of noise {unknown}
Potions
 n - a potion of ambrosia
 p - a potion of beneficial mutation {unknown}
 r - 2 potions of degeneration {unknown}
 t - 4 potions of curing {unknown}
 v - 3 potions of lignification {unknown}
Comestibles
 d - 3 bread rations
 i - 8 chunks of flesh
 o - 14 fruits
 z - 2 slices of pizza
 E - a beef jerky


   Skills:
 - Level 2.6 Fighting
 + Level 12.5 Axes
 - Level 2.1 Armour
 - Level 2.1 Dodging
 - Level 5.5 Shields


You had 8 spell levels left.
You didn't know any spells.

Dungeon Overview and Level Annotations

Branches:
Dungeon (7/15)             Temple (1/1) D:4

Altars:
Ashenzari
Cheibriados
Dithmenos
Elyvilon
Fedhas
Gozag
Kikubaaqudgha
Makhleb
Nemelex Xobeh
Okawaru
Qazlal
Ru
Trog
Vehumet
Xom
Yredelemnul
Zin
The Shining One

Shops:
D:6 *


Innate Abilities, Weirdness & Mutations

You are resistant to damage.
You can recharge devices by infusing magical energy.
You passively map the area around you.
You do not heal naturally.
You are partially covered in slimy green scales (AC +2).
You can breathe flames.
Your system is resistant to poisons.


Message History

The orc warrior hits you with a war axe.
* * * LOW HITPOINT WARNING * * *
You barely miss the orc warrior.
The orc warrior is lightly wounded.
The orc warrior hits you but does no damage.
You closely miss the orc warrior.
The orc warrior is lightly wounded.
The orc warrior hits you with a war axe!
* * * LOW HITPOINT WARNING * * *
There's nothing to close nearby.
Evoke which item? (* to show all) (? for menu, Esc to quit)
Okay, then.
You slash the orc warrior!
The orc warrior is heavily wounded.
The orc warrior hits you with a war axe.
* * * LOW HITPOINT WARNING * * *
You hit the orc warrior.
The orc warrior is severely wounded.
The orc warrior hits you with a war axe.
You die...

* ##≈K≈###'#
..≈o≈...(#
*###'######
.# ,,.# ..#
######'## *
#?.)#o..#..$
#.()@)8.....
#}))#...#..?
######.##
,..# * .# *
%# *#


You could see an orc warrior.

Vanquished Creatures
  An orc knight (Bailey)
  Sigmund (D:3)
  A phantom (D:4)
  6 orc warriors
  2 black bears
  A water moccasin (D:5)
  An ogre (D:6)
  A centaur (D:6)
  A giant frog (D:6)
  A scorpion (D:4)
  2 crimson imps
  2 giant frog skeletons
  2 hounds
  A centaur zombie (D:5)
  A jelly (D:6)
  A centaur skeleton (D:4)
  An iguana (D:4)
  3 worker ants
  A gnoll (Bailey)
  6 adders
  3 shadow imps (D:5)
  An adder zombie (D:6)
  2 worms
  3 giant geckos
  15 orcs
  A bat skeleton (D:6)
  3 giant cockroaches
  12 hobgoblins
  4 jackals (D:7)
  4 quokkas
  4 bats
  4 giant newts
  19 goblins
  18 kobolds
  A quokka skeleton (D:5)
  5 rats
135 creatures vanquished.

Notes
Turn   | Place    | Note
--------------------------------------------------------------
     0 | D:1      | HeyJoe the Deep Dwarf Berserker began the quest for the Orb.
     0 | D:1      | Reached XP level 1. HP: 20/20 MP: 1/1
   179 | D:1      | Reached skill level 4 in Axes
   179 | D:1      | Reached XP level 2. HP: 20/27 MP: 2/2
   785 | D:2      | Reached skill level 1 in Shields
   834 | D:2      | Reached XP level 3. HP: 33/33 MP: 3/3
   839 | D:2      | Acquired Trog's second power
   894 | D:2      | Found a stormy altar of Qazlal.
   936 | D:2      | Found a radiant altar of Vehumet.
  1405 | D:3      | Found a blossoming altar of Fedhas.
  1405 | D:3      | Noticed Sigmund
  1415 | D:3      | Killed Sigmund
  1415 | D:3      | Reached skill level 5 in Shields
  1415 | D:3      | Reached XP level 4. HP: 29/40 MP: 4/4
  1415 | D:3      | Reached XP level 5. HP: 33/46 MP: 5/5
  1846 | D:4      | Found a glowing golden altar of the Shining One.
  1853 | D:4      | Found a basalt altar of Yredelemnul.
  1855 | D:4      | Noticed a profane servitor
  1875 | D:4      | Noticed a phantom
  1886 | D:4      | Reached XP level 6. HP: 29/55 MP: 6/6
  1898 | D:4      | Reached skill level 5 in Axes
  1948 | D:4      | Killed a phantom
  2045 | D:4      | Reached skill level 6 in Axes
  2377 | D:4      | Found a staircase to the Ecumenical Temple.
  2523 | D:4      | Noticed an angel
  2537 | D:5      | Entered Level 5 of the Dungeon
  2680 | D:5      | Reached XP level 7. HP: 32/61 MP: 7/7
  2867 | D:5      | Noticed a water moccasin
  2885 | D:5      | Killed a water moccasin
  2885 | D:5      | Reached skill level 7 in Axes
  2932 | Temple   | Entered the Ecumenical Temple
  3053 | D:5      | Gained mutation: You can breathe flames. [potion of mutation]
  3053 | D:5      | Gained mutation: Your system is resistant to poisons. [potion of mutation]
  3053 | D:5      | Gained mutation: You are partially covered in slimy green scales (AC +2). [potion of mutation]
  3202 | D:5      | Found a burning altar of Makhleb.
  3279 | D:5      | Found a shimmering altar of Xom.
  3823 | D:6      | Found Unuole's Serpentskin Sales.
  3836 | D:6      | Bought a potion of poison for 13 gold pieces
  3854 | D:6      | Reached skill level 8 in Axes
  4100 | D:6      | Reached skill level 9 in Axes
  4100 | D:6      | Reached XP level 8. HP: 42/68 MP: 8/8
  4339 | D:6      | Reached skill level 10 in Axes
  4673 | D:7      | Found a flagged portal.
  4773 | D:7      | HP: 1/68 [orc warrior/flail (11)]
  4776 | D:7      | Reached skill level 11 in Axes
  4813 | Bailey   | Entered a bailey
  4889 | Bailey   | Noticed an orc knight
  4903 | Bailey   | Killed an orc knight
  4903 | Bailey   | Reached skill level 12 in Axes
  4903 | Bailey   | Gained mutation: You passively map the area around you. [Deep Dwarf growth]
  4903 | Bailey   | Reached XP level 9. HP: 55/74 MP: 9/9
  4934 | Bailey   | Slain by an orc warrior

Vault maps used:
D:1:      lemuel_arrival_cross
D:2:      fiery_altar_vehumet, hangedman_glass_teeth, grunt_qazlal_sundering
D:3:      fedhas_altar_fruit_tree, first_bread, grunt_ministairs_2, uniq_sigmund
D:4:      grunt_temple_overflow_holy_war, minmay_temple_entry_from_below_b,
          minmay_misc_feat_secret_circle
D:5:      overflow_temple_1_default, nicolae_overflow_hidden_temple,
          minmay_misc_feat_alley, minmay_door_square, minmay_misc_feat_roman
D:6:      guppyfry_shop_venom
D:7:      enter_bailey_8, basic_altar, uniq_duvessa
Temple:   circular_temple_12
Bailey:   bailey_axe_1, bailey

Action                   |  1- 3 |  4- 6 |  7- 9 || total
-------------------------+-------+-------+-------++-------
Melee: Hand axe          |   111 |   134 |   313 ||   558
Invok: Berserk           |     2 |     2 |     3 ||     7
       Trog's Hand       |       |     6 |    12 ||    18
       Burn Spellbooks   |       |       |     1 ||     1
Evoke: Wand              |     1 |     1 |     3 ||     5
  Use: Scroll            |       |     1 |     4 ||     5
       Potion            |       |       |     3 ||     3
 Stab: Sleeping          |     1 |       |       ||     1
  Eat: Chunk             |     3 |     5 |    10 ||    18
       Beef jerky        |       |     2 |       ||     2
       Fruit             |       |       |     1 ||     1
